ESL (28 & UNDER)
READING RAINBOWS @ INTERCOURSE AMISH
07/18/2029
 
TOP OF THE 1ST
Reading Rainbows batting - Pitching for Intercourse Amish : RHP David Nanod
Pitching: RHP David Nanod
Batting: LHB Júlio Lorenzo 0-0: Swinging Strike
0-1: Foul Ball, location: 2F
0-2: Ball
1-2: SOLO HOME RUN (Flyball, 9D), Distance : 402 ft
Batting: RHB José Moreno 0-0: SINGLE (Flyball, 8RS)
Batting: RHB Germán Romero 0-0: Ball
1-0: Ball
2-0: Called Strike
2-1: Called Strike
2-2: Ball
3-2: Strikes out swinging
José Moreno is caught stealing 2nd base
Batter strikes out.
Batting: RHB Ethan Moore 0-0: Called Strike
0-1: Ball
1-1: Ground out 4-3 (Groundball, 4)
Top of the 1st over - 1 run, 2 hits, 0 errors, 0 left on base; Reading 1 - Intercourse 0
BOTTOM OF THE 1ST
Intercourse Amish batting - Pitching for Reading Rainbows : RHP Matt Barlow
Pitching: RHP Matt Barlow
Batting: RHB Pablo Díaz 0-0: Ball
1-0: Ground out 6-3 (Groundball, 6)
Batting: LHB Jesús Rojas 0-0: Ball
1-0: Foul Ball, location: 2F
1-1: Foul Ball, location: 2F
1-2: Ball
2-2: Ball
3-2: Strikes out swinging
Batting: SHB Ralph Robison 0-0: Called Strike
0-1: Ball
1-1: Foul Ball, location: 2F
1-2: Ball
2-2: Ball
3-2: Base on Balls
Batting: LHB Dave Reynolds 0-0: Ball
1-0: Called Strike
1-1: Fly out, F7 (Flyball, 7S)
Bottom of the 1st over - 0 runs, 0 hits, 0 errors, 1 left on base; Reading 1 - Intercourse 0
TOP OF THE 2ND
Reading Rainbows batting - Pitching for Intercourse Amish : RHP David Nanod
Batting: LHB Ryan Flynn 0-0: Swinging Strike
0-1: Ball
1-1: Foul Ball, location: 2F
1-2: Strikes out swinging
Batting: RHB Juan Magdayao 0-0: Called Strike
0-1: Called Strike
0-2: Ball
1-2: Ball
2-2: Ground out 6-3 (Groundball, 6M)
Batting: RHB Richard Case 0-0: Ball
1-0: Called Strike
1-1: Ball
2-1: Foul Ball, location: 2F
2-2: Foul Ball, location: 2F
2-2: Ball
3-2: Strikes out swinging
Top of the 2nd over - 0 runs, 0 hits, 0 errors, 0 left on base; Reading 1 - Intercourse 0
BOTTOM OF THE 2ND
Intercourse Amish batting - Pitching for Reading Rainbows : RHP Matt Barlow
Batting: RHB Mitsuoki Taguchi 0-0: Foul Ball, location: 2F
0-1: Ball
1-1: Fly out, F8 (Flyball, 8RXD)
Batting: RHB Juan Estrada 0-0: Called Strike
0-1: Foul Ball, location: 2F
0-2: Ball
1-2: Ball
2-2: Ball
3-2: Strikes out swinging
Batting: LHB Bruce Foster 0-0: Foul Ball, location: 2F
0-1: Swinging Strike
0-2: Ball
1-2: Ball
2-2: Ball
3-2: Ground out U3 (Groundball, 3)
Bottom of the 2nd over - 0 runs, 0 hits, 0 errors, 0 left on base; Reading 1 - Intercourse 0
TOP OF THE 3RD
Reading Rainbows batting - Pitching for Intercourse Amish : RHP David Nanod
Batting: RHB Hubert Brown 0-0: Ball
1-0: Ball
2-0: SINGLE (Line Drive, 89M)
Batting: RHB Spike Kennedy 0-0: Ball
1-0: Ball
2-0: Called Strike
2-1: Foul Ball, location: 2F
2-2: Foul Ball, location: 2F
2-2: Foul Ball, location: 2F
2-2: Ball
3-2: Base on Balls
Hubert Brown to second
Batting: LHB Júlio Lorenzo 0-0: Grounds into double play, 6-4-3 (Groundball, 56)
Hubert Brown to third
Batting: RHB José Moreno 0-0: Ball
1-0: Fly out, F9 (Flyball, 9)
Top of the 3rd over - 0 runs, 1 hit, 0 errors, 1 left on base; Reading 1 - Intercourse 0
BOTTOM OF THE 3RD
Intercourse Amish batting - Pitching for Reading Rainbows : RHP Matt Barlow
Batting: LHB Tony O'Bryan 0-0: Called Strike
0-1: Foul Ball, location: 2F
0-2: Ground out 6-3 (Groundball, 6)
Batting: SHB Conan Hanson 0-0: Ball
1-0: Ball
2-0: Fly out, F9 (Flyball, 9LMF)
Batting: RHB Pablo Díaz 0-0: Swinging Strike
0-1: Foul Ball, location: 2F
0-2: Ball
1-2: Strikes out swinging
Bottom of the 3rd over - 0 runs, 0 hits, 0 errors, 0 left on base; Reading 1 - Intercourse 0
TOP OF THE 4TH
Reading Rainbows batting - Pitching for Intercourse Amish : RHP David Nanod
Batting: RHB Germán Romero 0-0: Called Strike
0-1: Foul Ball, location: 2F
0-2: Ball
1-2: Ball
2-2: Ground out 4-3 (Groundball, 34)
Batting: RHB Ethan Moore 0-0: Ball
1-0: Ball
2-0: Ball
3-0: Base on Balls
Batting: LHB Ryan Flynn 0-0: Called Strike
0-1: Ball
1-1: Swinging Strike
1-2: Ball
2-2: Ball
3-2: Foul Ball, location: 2F
3-2: Base on Balls
Ethan Moore to second
Batting: RHB Juan Magdayao 0-0: Ball
1-0: Ball
2-0: SINGLE (Groundball, 5D)
Ethan Moore to third
Ryan Flynn to second
Runner from 3rd tries for Home, SAFE, no throw
Batting: RHB Richard Case 0-0: Ball
1-0: Ball
2-0: Fielders Choice at 2nd, 1-4 (Groundball, 15S)
Ryan Flynn to third
Batting: RHB Hubert Brown 0-0: Ball
1-0: Foul Ball, location: 2F
1-1: SINGLE (Groundball, 56D)
Ryan Flynn scores
Richard Case to second
Batting: RHB Spike Kennedy 0-0: Ball
1-0: Foul Ball, location: 2F
1-1: Called Strike
1-2: Ball
2-2: Strikes out swinging
Top of the 4th over - 2 runs, 2 hits, 0 errors, 2 left on base; Reading 3 - Intercourse 0
BOTTOM OF THE 4TH
Intercourse Amish batting - Pitching for Reading Rainbows : RHP Matt Barlow
Batting: LHB Jesús Rojas 0-0: Called Strike
0-1: Ball
1-1: Ball
2-1: Swinging Strike
2-2: Strikes out swinging
Batting: SHB Ralph Robison 0-0: Called Strike
0-1: Foul Ball, location: 2F
0-2: Strikes out looking
Batting: LHB Dave Reynolds 0-0: SINGLE (Line Drive, 9)
Batting: RHB Mitsuoki Taguchi 0-0: Foul Ball, location: 2F
0-1: Ground out 1-3 (Groundball, 13)
Bottom of the 4th over - 0 runs, 1 hit, 0 errors, 1 left on base; Reading 3 - Intercourse 0
TOP OF THE 5TH
Reading Rainbows batting - Pitching for Intercourse Amish : RHP David Nanod
Batting: LHB Júlio Lorenzo 0-0: Called Strike
0-1: Ball
1-1: Ball
2-1: Ball
3-1: Called Strike
3-2: Foul Ball, location: 2F
3-2: Foul Ball, location: 2F
3-2: Foul Ball, location: 2F
3-2: Strikes out looking
Batting: RHB José Moreno 0-0: Ball
1-0: Ground out 6-3 (Groundball, 6)
Batting: RHB Germán Romero 0-0: Ball
1-0: Ball
2-0: Ball
3-0: Foul Ball, location: 2F
3-1: Called Strike
3-2: Strikes out swinging
Top of the 5th over - 0 runs, 0 hits, 0 errors, 0 left on base; Reading 3 - Intercourse 0
BOTTOM OF THE 5TH
Intercourse Amish batting - Pitching for Reading Rainbows : RHP Matt Barlow
Batting: RHB Juan Estrada 0-0: Ball
1-0: Ball
2-0: Ball
3-0: Called Strike
3-1: Swinging Strike
3-2: Fly out, F7 (Flyball, 78S)
Batting: LHB Bruce Foster 0-0: Ball
1-0: Called Strike
1-1: Ball
2-1: Ball
3-1: Base on Balls
Batting: LHB Tony O'Bryan 0-0: SINGLE (Line Drive, 89S)
Bruce Foster to second
Runner from 2nd tries for 3rd, SAFE, no throw
Batting: SHB Conan Hanson 0-0: Ball
1-0: SINGLE (Line Drive, 9S)
Bruce Foster scores
Tony O'Bryan to second
Batting: RHB Pablo Díaz 0-0: Ball
Tony O'Bryan steals 3rd base
Conan Hanson to second
1-0: Ball
2-0: SINGLE (Flyball, 7LS)
Tony O'Bryan scores
Conan Hanson to third
Batting: LHB Jesús Rojas 0-0: Ball
1-0: Ball
2-0: Swinging Strike
2-1: Foul Ball, location: 2F
2-2: Ball
3-2: Base on Balls
Pablo Díaz to second
Batting: SHB Ralph Robison 0-0: Ball
1-0: Fly out, F7 (Flyball, 7)
Runner from 3rd tags up, SCORES, throw made
Batting: LHB Dave Reynolds 0-0: Foul Ball, location: 2F
0-1: Ball
1-1: Swinging Strike
1-2: Ball
2-2: Ball
3-2: Base on Balls
Pablo Díaz to third
Jesús Rojas to second
Batting: RHB Mitsuoki Taguchi 0-0: Ground out 4-3 (Groundball, 34)
Bottom of the 5th over - 3 runs, 3 hits, 0 errors, 3 left on base; Reading 3 - Intercourse 3
TOP OF THE 6TH
Reading Rainbows batting - Pitching for Intercourse Amish : RHP David Nanod
Pitching: RHP Paul Clark
Batting: RHB Ethan Moore 0-0: Called Strike
0-1: Called Strike
0-2: Fly out, F6 (Popup, P)
Batting: LHB Ryan Flynn 0-0: Ball
1-0: Foul Ball, location: 2F
1-1: Ball
2-1: SOLO HOME RUN (Flyball, 89XD), Distance : 405 ft
Batting: RHB Juan Magdayao 0-0: Called Strike
0-1: Swinging Strike
0-2: Ball
Error on foul ball, E9
1-2: Fly out, F3 (Line Drive, 34)
Batting: RHB Richard Case 0-0: Called Strike
0-1: Ball
1-1: Called Strike
1-2: Ball
2-2: Foul Ball, location: 2F
2-2: Foul Ball, location: 2F
2-2: Ball
3-2: Strikes out swinging
Top of the 6th over - 1 run, 1 hit, 1 error, 0 left on base; Reading 4 - Intercourse 3
BOTTOM OF THE 6TH
Intercourse Amish batting - Pitching for Reading Rainbows : RHP Matt Barlow
Batting: RHB Juan Estrada 0-0: Called Strike
0-1: Foul Ball, location: 2F
0-2: Foul Ball, location: 2F
0-2: Ground out 6-3 (Groundball, 6D)
Batting: LHB Bruce Foster 0-0: Foul Ball, location: 2F
0-1: Ball
1-1: Fly out, F6 (Line Drive, 6)
Batting: LHB Tony O'Bryan 0-0: Ball
1-0: Foul Ball, location: 2F
1-1: Swinging Strike
1-2: Ball
2-2: Ball
3-2: Ground out 1-3 (Groundball, 15S)
Bottom of the 6th over - 0 runs, 0 hits, 0 errors, 0 left on base; Reading 4 - Intercourse 3
TOP OF THE 7TH
Reading Rainbows batting - Pitching for Intercourse Amish : RHP Paul Clark
Batting: RHB Hubert Brown 0-0: Called Strike
0-1: Ball
1-1: Ball
2-1: Swinging Strike
2-2: Foul Ball, location: 2F
2-2: Foul Ball, location: 2F
2-2: Strikes out looking
Batting: RHB Spike Kennedy 0-0: Called Strike
0-1: Ball
1-1: Swinging Strike
1-2: Strikes out swinging
Batting: LHB Júlio Lorenzo 0-0: Called Strike
0-1: Ball
1-1: SINGLE (Line Drive, 34D)
Batting: RHB José Moreno 0-0: Ball
1-0: Ball
2-0: Called Strike
2-1: Ball
3-1: Called Strike
3-2: Foul Ball, location: 2F
3-2: Ground out 4-3 (Groundball, 4)
Top of the 7th over - 0 runs, 1 hit, 0 errors, 1 left on base; Reading 4 - Intercourse 3
BOTTOM OF THE 7TH
Intercourse Amish batting - Pitching for Reading Rainbows : RHP Matt Barlow
Batting: SHB Conan Hanson 0-0: Called Strike
0-1: Foul Ball, location: 2F
0-2: Ball
1-2: Foul Ball, location: 2F
1-2: Ball
2-2: Fly out, F8 (Flyball, 8LS)
Pitching: RHP Millard Manning
Batting: RHB Pablo Díaz 0-0: Ball
1-0: Ball
2-0: Fly out, F6 (Popup, 6M)
Batting: LHB Jesús Rojas 0-0: Foul Ball, location: 2F
0-1: SINGLE (Line Drive, 4D)
Batting: SHB Ralph Robison 0-0: Ball
1-0: Called Strike
1-1: Foul Ball, location: 2F
1-2: Foul Ball, location: 2F
1-2: Ball
2-2: Ball
3-2: Strikes out swinging
Bottom of the 7th over - 0 runs, 1 hit, 0 errors, 1 left on base; Reading 4 - Intercourse 3
TOP OF THE 8TH
Reading Rainbows batting - Pitching for Intercourse Amish : RHP Paul Clark
Batting: RHB Germán Romero 0-0: Called Strike
0-1: Swinging Strike
0-2: Ball
1-2: Strikes out swinging
Batting: RHB Ethan Moore 0-0: Ball
1-0: Ball
2-0: Ball
3-0: Base on Balls
Pinch Runner at 1st Carlos Huerta:
Batting: LHB Ryan Flynn 0-0: Ball
1-0: Ball
2-0: Called Strike
2-1: Ball
Wild Pitch!
Carlos Huerta to second
3-1: Base on Balls
Batting: RHB Juan Magdayao 0-0: SINGLE (Groundball, 6MD)
Carlos Huerta to third
Ryan Flynn to second
Runner from 3rd tries for Home, SAFE, throw made home
Batting: RHB Richard Case 0-0: Swinging Strike
0-1: Ball
1-1: Fly out, F9 (Flyball, 9LM)
Runner from 2nd tags up, SAFE at 3rd with throw
Batting: RHB Hubert Brown 0-0: Fielders Choice at 2nd, 5-4 (Groundball, 5L)
Top of the 8th over - 1 run, 1 hit, 0 errors, 2 left on base; Reading 5 - Intercourse 3
BOTTOM OF THE 8TH
Intercourse Amish batting - Pitching for Reading Rainbows : RHP Millard Manning
Now at 3B: Jack Dean
Batting: LHB Dave Reynolds 0-0: Called Strike
0-1: Ball
1-1: Swinging Strike
1-2: Foul Ball, location: 2F
1-2: Fly out, F9 (Flyball, 9LS)
Batting: RHB Mitsuoki Taguchi 0-0: Ball
1-0: Ball
2-0: Called Strike
2-1: Ball
3-1: Foul Ball, location: 2F
3-2: Ground out 5-3 (Groundball, 56)
Batting: RHB Juan Estrada 0-0: Called Strike
0-1: Swinging Strike
0-2: Foul Ball, location: 2F
0-2: TRIPLE (Line Drive, 89XD)
Batting: LHB Bruce Foster 0-0: Fly out, F7 (Flyball, 7S)
Bottom of the 8th over - 0 runs, 1 hit, 0 errors, 1 left on base; Reading 5 - Intercourse 3
TOP OF THE 9TH
Reading Rainbows batting - Pitching for Intercourse Amish : RHP Paul Clark
Pitching: LHP Manuel Encarnación
Batting: RHB Spike Kennedy 0-0: Ball
1-0: Ball
2-0: Ball
3-0: Called Strike
3-1: Fly out, F9 (Flyball, 9LSF)
Batting: LHB Júlio Lorenzo 0-0: Swinging Strike
0-1: Foul Ball, location: 2F
0-2: Strikes out swinging
Batting: RHB José Moreno 0-0: Foul Ball, location: 2F
0-1: Called Strike
0-2: Fly out, F4 (Popup, 34D)
Top of the 9th over - 0 runs, 0 hits, 0 errors, 0 left on base; Reading 5 - Intercourse 3
BOTTOM OF THE 9TH
Intercourse Amish batting - Pitching for Reading Rainbows : RHP Millard Manning
Pitching: LHP Joe Cates
Batting: LHB Tony O'Bryan 0-0: Ball
1-0: Fly out, F8 (Flyball, 8RXD)
Batting: SHB Conan Hanson 0-0: Ball
1-0: Foul Ball, location: 2F
1-1: Ball
2-1: DOUBLE (Line Drive, 7D)
Batting: RHB Pablo Díaz 0-0: Called Strike
0-1: Ball
1-1: Swinging Strike
1-2: Ball
2-2: Ball
3-2: Foul Ball, location: 2F
3-2: Foul Ball, location: 2F
3-2: SINGLE (Line Drive, 8RS)
Conan Hanson to third
Batting: LHB Jesús Rojas 0-0: Foul Ball, location: 2F
0-1: Ball
1-1: Swinging Strike
1-2: Strikes out swinging
Batting: SHB Ralph Robison 0-0: Ball
1-0: Ball
2-0: Ground out U3 (Groundball, 3)
Bottom of the 9th over - 0 runs, 2 hits, 0 errors, 2 left on base; Reading 5 - Intercourse 3
Saturday, December 16th, 2017 - OOTP Baseball 18.8 Build 76